 Dungeon Crawl Stone Soup version 0.31-a0-271-gb88eb75e06 (webtiles) character file.

Game seed: 10708577198643007704

61 worthlessgem the Insei (level 4, -2/33 HPs)
             Began as a Djinni Shapeshifter on July 14, 2023.
             Slain by a worm (9 damage)
             ... on level 2 of the Dungeon.
             The game lasted 00:05:23 (1530 turns).

worthlessgem the Insei (Djinni Shapeshifter)        Turns: 1530, Time: 00:05:24

Health: -2/33      AC:  2    Str: 13    XL:     4   Next: 27%
Gold:   127        EV: 13    Int: 10    God:
                   SH:  0    Dex: 18

rFire   + + .        s - +2 dagger (venom)
rCold   x . .        (no shield)
rNeg    . . .        b - +0 animal skin
rPois   ∞            (helmet currently unavailable)
rElec   .            (cloak currently unavailable)
rCorr   .            (gloves currently unavailable)
SInv    .            (boots unavailable)
Will    .....        (no amulet)
Stlth   ++           (no ring)
HPRegen 0.25/turn    (no ring)
MPRegen 0.00/turn

%: infuse magic (-3 HP)
@: mighty, brilliant, beast-form, flying, unable to drink
A: beast (slay +1), flying, sickness immunity, fire resistance 2, cold
vulnerability 1, float, innate caster, HP casting, extra vitality 1, agile 1,
wild magic 2, inability to drink after injury 1
a: Begin Untransformation


You were on level 2 of the Dungeon.
You were a hulking beast.
You visited 1 branch of the dungeon, and saw 2 of its levels.

You collected 127 gold pieces.

Inventory:

Hand Weapons
 a - a +0 short sword of draining
 s - a +2 dagger of venom (weapon)
Armour
 b - a +0 animal skin (worn)
Talismans
 c - a beast talisman
Scrolls
 g - 2 scrolls of identify
 i - a scroll of immolation
Potions
 d - 2 potions of lignification


   Skills:
 - Level 2.2 Fighting
 - Level 2.5 Dodging
 + Level 3.3 Unarmed Combat
 + Level 0.8 Spellcasting
 + Level 0.8 Conjurations
 + Level 0.8 Hexes
   Level 0.0 Charms
 + Level 0.8 Summonings
 + Level 0.8 Necromancy
 + Level 0.8 Translocations
 + Level 0.8 Transmutations
 + Level 0.8 Fire Magic
 + Level 0.8 Ice Magic
 + Level 0.8 Air Magic
 + Level 0.8 Earth Magic
 + Level 0.8 Poison Magic
 - Level 2.8 Shapeshifting


You knew the following spells:

 Your Spells              Type           Power      Damage    Failure   Level
a - Foxfire               Conj/Fire      20%        2x1d5     43%         1
Your spell library was empty.

Dungeon Overview and Level Annotations

Branches:
Dungeon (2/15)

Altars:


Innate Abilities, Weirdness & Mutations

You are a hulking beast.
Your limbs bulge with bestial killing power. (Slay +1)
You are flying.
You are immune to sickness and miasma.
You are immune to poison.
Your flesh is very heat resistant. (rF++)
You are vulnerable to cold. (rC-)
You float through the air rather than walking.
You learn spells naturally, not from books.
Your magical power is your life essence.
You have superior vitality. (+4 MHP)
You are agile. (Dex +4, Str/Int -1)
Your spells are harder to cast, but more powerful.
You occasionally lose the ability to drink potions when taking damage.


Message History

You hit the worm.
The worm is lightly wounded.
You barely miss the worm.
The worm is lightly wounded.
The worm closely misses you.
You hit the worm.
The worm is poisoned.
The worm is moderately wounded.
The worm bites you.
You hit the worm.
The worm is moderately wounded.
You barely miss the worm.
The worm is moderately wounded.
The worm bites you!
* * * LOW HITPOINT WARNING * * *
Casting: Foxfire (safe; 24% risk of failure)
Confirm with . or Enter, or press ? or * to list all spells.
You miscast Foxfire.
You are very lightly contaminated with residual magic.
Nothing appears to happen.
* * * LOW HITPOINT WARNING * * *
Okay, then.
You have nothing you can fire or use right now.
As you read the scroll labelled TEPNOEN JIMUGOBB, it crumbles to dust.
It is a scroll of identify.
i - a scroll of immolation
As you read the scroll labelled RIECROG EKEMP, it crumbles to dust.
It is a scroll of enchant weapon.
Your +1 dagger of venom glows red for a moment.
It was a potion of brilliance.
You feel clever all of a sudden.
It was a potion of mutation.
You feel extremely strange.
You feel agile.
You feel less in control of your magic.
You occasionally lose the ability to drink potions when taking damage.
You feel less in control of your magic.
Your magical contamination has completely faded away.
It was a potion of might.
You feel very mighty all of a sudden. The worm bites you!
You feel threatened and lose the ability to drink potions!
You die...

##≈≈....≈≈≈##
###≈≈.≈≈≈####
######.###.###†####..#
.......#.....#.# #..#
.....###.###...## #..###
.........# #....# #....#
.....###.###..#.###.<#.#
.....###....#'#.w##+##.##
......###..##.##h##.##..#
......#
#.##...###...##.####
......#
#.+.....'.....'....#
.....##
####...#'#...#####.#
#...### ##.##.##.##.##
#.# #.....###...###...###
#.# ##>##.##.....#.....#
#.# #.##[.'..8..'.....+
+.### #.##.##.....#.....#
#...##


You could see a worm (poisoned).

Vanquished Creatures
  A gnoll (D:1)
  2 worms (D:2)
  A dart slug (D:1)
  8 ball pythons
  4 endoplasms
  2 goblins
  3 hobgoblins
  A jackal (D:2)
  2 quokkas
  4 bats
  4 frilled lizards
  2 giant cockroaches (D:1)
  5 kobolds
  5 rats
44 creatures vanquished.

Notes
Turn   | Place    | Note
-------+----------+-------------------------------------------
     0 | D:1      | worthlessgem the Djinni Shapeshifter began the quest for
                  | the Orb.
     0 | D:1      | Reached XP level 1. HP: 18/18 MP: 0/0
   123 | D:1      | Reached XP level 2. HP: 21/23 MP: 0/0
   296 | D:1      | Reached XP level 3. HP: 17/28 MP: 0/0
   296 | D:1      | Learned a level 1 spell: Foxfire
   742 | D:1      | Reached skill level 3 in Unarmed Combat
  1146 | D:2      | Reached XP level 4. HP: 33/33 MP: 0/0
  1352 | D:2      | Found a faded altar of an unknown god.
  1529 | D:2      | Gained mutation: You are agile. (Dex +4, Str/Int -1)
                  | [potion of mutation]
  1529 | D:2      | Gained mutation: Your spells are a little harder to cast,
                  | but a little more powerful. [potion of mutation]
  1529 | D:2      | Gained mutation: You occasionally lose the ability to drink
                  | potions when taking damage. [potion of mutation]
  1529 | D:2      | Gained mutation: Your spells are harder to cast, but more
                  | powerful. [potion of mutation]
  1530 | D:2      | Slain by a worm

Illustrated notes

Levels and vault maps discovered:
D:1:      elethiomel_arrival_infinity_welcomes_careful_drivers, layout_rooms,
          hangedman_glass_teeth, minmay_misc_feat_rows
D:2:      layout_loops_ring, shapermc_ecumenical_altar_venn,
          nicolae_hexahallways, hex_medium, kennysheep_potato, uniq_terence

Skill      XL: |  1  2  3 |
---------------+----------+-----
Unarmed Combat | 3 |  3.3
Fighting       | |  2.2
Dodging        | |  2.5
Spellcasting   | |  0.8
Conjurations   | |  0.8
Hexes          | |  0.8
Summonings     | |  0.8
Necromancy     | |  0.8
Translocations | |  0.8
Transmutations | |  0.8
Fire Magic     | |  0.8
Ice Magic      | |  0.8
Air Magic      | |  0.8
Earth Magic    | |  0.8
Poison Magic   | |  0.8
Shapeshifting  | |  2.8

Action                     |  1- 3 |  4- 6 || total
---------------------------+-------+-------++-------
  Melee: Short sword       |    28 |    13 ||    41
         Unarmed           |     7 |       ||     7
         Hand axe          |    17 |       ||    17
         Punch             |     3 |     1 ||     4
         Dagger            |    14 |    20 ||    34
    Use: Potion            |       |     3 ||     3
         Scroll            |       |     2 ||     2
   Stab: Sleeping          |     2 |       ||     2
 Armour: Animal skin       |    20 |     3 ||    23
  Dodge: Dodged            |    44 |    20 ||    64

Table legend: (Time is in decaauts)
 A = Elapsed time spent in this place.
 B = Non-inter-level travel time spent in this place.
 C = Inter-level travel time spent in this place.
 D = Time resting spent in this place.
 E = Time spent auto-exploring this place.
 F = Levels seen in this place.
 G = Mean time per level.
                   A        B        C        D        E       F      G
               +--------+--------+--------+--------+--------+-----+--------+
         Total |   1529 |   1521 |      8 |      3 |   1178 |   2 |  764.5 |
       Dungeon |   1529 |   1521 |      8 |      3 |   1178 |   2 |  764.5 |
               +--------+--------+--------+--------+--------+-----+--------+

Top non-repeatable levels by time:
     D:1: 842 daAuts
     D:2: 687 daAuts
